Map: Orbital Shipyard

Players

CunningStunt - Winner!

  • Race: Protoss Protoss
  • League: Gold

Vyrge

  • Race: Terran Terran
  • League: Gold

VOD

Have the link to the VOD?

Description

Time

  • Played on: Sept. 12, 2015, 4:47 a.m.
  • Length: 13:45
Show
View Real Time Build Order
Export as new Build Order

CunningStunt Protoss - Winner!

Build Orders: 1 Gate Expand, Oracle Opening 

Get SALT Encoding   

  12  0:00  Probe (Chrono Boost)  
  13  0:11  Probe (Chrono Boost)  
  14  0:18  Pylon  
  14  0:21  Probe (Chrono Boost)  
  15  0:35  Probe (Chrono Boost)  
  15  0:39  Gateway  
  16  0:45  Probe (Chrono Boost)  
  17  0:56  Probe (Chrono Boost)  
  18  1:13  Nexus  
  18  1:22  Assimilator  
  18  1:27  Cybernetics Core  
  18  1:30  Probe (Chrono Boost)  
  19  1:37  Assimilator  
  19  1:40  Probe (Chrono Boost)  
  19  1:45  Pylon  
  20  1:50  Probe (Chrono Boost)  
  21  2:00  Probe (Chrono Boost)  
  22  2:15  Mothership Core (Chrono Boost)  
  24  2:21  Adept (Chrono Boost)  
  26  2:30  Probe (Chrono Boost), Warp Gate  
  26  2:33  Probe (Chrono Boost)  
  28  2:39  Probe (Chrono Boost)  
  29  2:47  Adept (Chrono Boost)  
  29  2:49  Probe  
  29  2:51  Probe  
  33  2:59  Probe (Chrono Boost)  
  34  3:06  Probe (Chrono Boost), Stargate  
  34  3:11  Probe (Chrono Boost)  
  36  3:16  Probe (Chrono Boost)  
  37  3:21  Probe (Chrono Boost), Pylon  
  37  3:23  Assimilator  
  37  3:26  Probe (Chrono Boost)  
  39  3:27  Assimilator  
  39  3:31  Probe (Chrono Boost)  
  40  3:36  Probe (Chrono Boost)  
  41  3:41  Probe (Chrono Boost)  
  41  3:42  Pylon  
  41  3:46  Probe (Chrono Boost)  
  43  3:50  Oracle  
  43  3:51  Probe (Chrono Boost)  
  47  3:57  Probe (Chrono Boost)  
  47  4:01  Probe (Chrono Boost)  
  49  4:07  Probe (Chrono Boost)  
  49  5:13  Probe x2 (Chrono Boost)  
  51  5:16  Pylon  
  49  5:23  Probe x2 (Chrono Boost)  
  49  5:24  Adept  
  47  5:33  Probe x2 (Chrono Boost)  
  47  5:39  Pylon  
  47  5:43  Probe (Chrono Boost)  
  47  5:44  Gateway  
  47  5:49  Gateway  
  48  5:50  Gateway  
  48  5:51  Gateway  
  48  5:52  Pylon  
  48  5:54  Stalker  
  48  5:56  Pylon, Phoenix  
  52  6:03  Probe x2 (Chrono Boost)  
  54  6:13  Probe (Chrono Boost)  
  55  6:23  Phoenix  
  57  6:30  Probe (Chrono Boost), Nexus  
  57  6:31  Probe (Chrono Boost)  
  57  6:32  Pylon  
  59  6:34  Pylon  
  59  6:37  Fleet Beacon  
  59  6:39  Pylon  
  59  6:41  Probe (Chrono Boost)  
  59  6:45  Robotics Facility  
  60  6:47  Probe (Chrono Boost)  
  60  6:48  Pylon  
  60  6:50  Assimilator  
  60  6:51  Probe (Chrono Boost)  
  62  6:56  Oracle, Assimilator  
  62  6:57  Probe (Chrono Boost)  
  62  7:01  Probe (Chrono Boost)  
  67  7:08  Probe (Chrono Boost)  
  68  7:09  Twilight Council  
  68  7:11  Probe (Chrono Boost)  
  69  7:16  Carrier  
  69  7:20  Probe (Chrono Boost)  
  69  7:21  Probe (Chrono Boost)  
  71  7:30  Probe (Chrono Boost)  
  72  7:42  Probe (Chrono Boost), Observer  
  72  7:43  Probe x2 (Chrono Boost)  
  82  7:48  Templar Archives  
  82  7:51  Charge  
  82  7:53  Probe x3 (Chrono Boost)  
  85  8:03  Probe x3 (Chrono Boost)  
  88  8:10  Pylon  
  88  8:11  Gateway  
  88  8:17  Gateway  
  88  8:25  Carrier (Chrono Boost)  
  88  8:28  Psionic Storm  
  88  8:30  Probe x3 (Chrono Boost)  
  88  8:33  Stargate  
  91  8:37  Forge  
  91  8:40  Probe x3 (Chrono Boost)  
  91  8:41  Forge  
  94  8:43  High Templar x5  
  94  8:47  Pylon  
  110  8:50  Probe x2 (Chrono Boost)  
  110  8:53  Observer  
  113  8:56  Probe (Chrono Boost)  
  113  8:58  Graviton Catapult  
  113  9:00  Probe x2 (Chrono Boost), Protoss Air Weapons Level 1  
  116  9:05  Gateway  
  116  9:13  Adept  
  114  9:17  Adept x3  
  114  9:19  Stalker  
  113  9:26  Carrier (Chrono Boost)  
  85  9:40  Probe  
  85  9:41  Probe  
  85  9:42  Probe  
  83  9:46  Protoss Ground Weapons Level 1, Protoss Ground Armor Level 1  
  83  9:51  Probe x2  
  89  9:55  Probe  
  92  10:01  Assimilator  
  92  10:03  Warp Prism  
  93  10:25  Nexus  
  93  10:28  Pylon  
  93  10:30  Pylon  
  93  10:33  Stargate  
  93  10:36  Photon Cannon  
  93  10:37  Probe x2  
  93  10:38  Carrier (Chrono Boost)  
  93  10:39  Probe, Photon Cannon  
  96  10:47  Probe  
  97  10:51  Probe  
  97  10:56  Protoss Air Weapons Level 2  
  98  11:02  Probe x2  
  104  11:04  Probe  
  107  11:12  Probe, Assimilator  
  107  11:14  Assimilator  
  107  11:16  Probe, Carrier (Chrono Boost)  
  107  11:17  Pylon  
  115  11:34  Carrier (Chrono Boost)  
  115  11:42  Probe x2  
  115  11:43  Probe  
  115  11:44  Probe  
  125  11:52  Probe  
  125  11:53  Probe x2  
  125  11:56  Probe  
  125  12:01  Observer  
  130  12:06  Zealot x6  
  142  12:29  Carrier (Chrono Boost)  
  126  12:41  Zealot x4  
  126  12:42  Zealot x4  
  123  13:05  Probe x2  
  123  13:06  Probe  
  123  13:07  Probe  
  127  13:19  Probe  
  128  13:33  Zealot x5  
  128  13:34  Zealot x3  
Show
View Real Time Build Order
Export as new Build Order

Vyrge Terran 

Build Orders: 1/1/1, MMM Bio 

Get SALT Encoding   

  12  0:14  Supply Depot  
  13  0:21  SCV  
  13  0:25  Refinery  
  13  0:38  Barracks  
  13  0:41  SCV  
  14  0:55  SCV  
  15  1:07  SCV  
  16  1:22  SCV  
  16  1:24  Marine  
  18  1:32  Factory  
  18  1:35  Orbital Command  
  18  1:42  Marine  
  19  1:51  Barracks  
  19  2:02  SCV  
  20  2:10  Marine  
  21  2:23  Starport  
  21  2:25  SCV  
  21  2:28  Marine  
  23  2:41  SCV  
  23  2:42  Marine  
  25  2:46  Marine  
  26  2:51  Widow Mine  
  26  2:54  Supply Depot  
  27  3:00  Marine, Medivac  
  30  3:07  Marine  
  30  3:09  Supply Depot  
  31  3:18  Marine  
  32  3:20  Widow Mine  
  32  3:22  SCV  
  32  3:25  Marine  
  36  3:42  Marine  
  36  3:43  Medivac, Marine  
  40  3:52  Command Center, SCV  
  40  3:55  Refinery  
  41  4:03  Marine x2  
  41  4:05  SCV  
  43  4:34  SCV  
  44  4:46  SCV  
  42  5:00  SCV  
  42  5:05  Orbital Command  
  43  5:12  SCV  
  42  5:24  SCV  
  36  5:36  SCV  
  36  5:37  Barracks Tech Lab  
  36  5:38  Barracks Tech Lab  
  35  5:43  Refinery  
  35  5:47  Barracks  
  35  5:48  SCV, Engineering Bay  
  36  5:52  Viking  
  38  6:01  SCV  
  39  6:04  SCV  
  39  6:10  Ghost Academy  
  39  6:11  Marine, Stimpack, Marauder  
  42  6:12  Combat Shields, Engineering Bay  
  42  6:13  SCV  
  42  6:17  SCV  
  45  6:21  Barracks  
  45  6:22  Missile Turret  
  45  6:25  SCV, Missile Turret  
  46  6:30  Marine  
  46  6:32  Marine  
  48  6:37  SCV  
  51  6:42  SCV  
  51  6:43  Barracks Reactor  
  50  6:48  Marauder  
  50  6:49  Terran Infantry Weapons Level 1, Terran Infantry Armor Level 1, SCV  
  50  6:50  Marauder  
  50  6:53  Missile Turret  
  55  6:55  SCV  
  55  7:00  Personal Cloaking, Refinery  
  56  7:01  SCV  
  57  7:10  Barracks Tech Lab  
  57  7:12  Ghost, Marauder  
  57  7:13  SCV  
  57  7:14  Starport Reactor  
  57  7:15  SCV  
  63  7:21  Supply Depot  
  63  7:23  Marine  
  63  7:24  Marine  
  65  7:32  Barracks  
  65  7:35  SCV x2  
  67  7:38  Supply Depot  
  67  7:41  Armory  
  67  7:44  Marine  
  67  7:46  Marine x2  
  67  7:50  Command Center  
  70  8:02  SCV  
  71  8:06  Missile Turret  
  71  8:08  Marauder x2  
  71  8:09  Marine x2  
  71  8:10  Medivac  
  79  8:24  Barracks Reactor  
  79  8:25  Nuke  
  79  8:40  Marauder  
  79  8:41  Marine, Medivac x2, Marauder x2  
  86  8:45  Concussive Shells  
  86  8:47  SCV  
  91  8:59  SCV  
  91  9:02  Marauder  
  94  9:18  Marauder x2, Marine x3  
  94  9:19  Medivac, Marine  
  94  9:20  Medivac  
  94  9:23  Marine  
  103  9:33  Orbital Command  
  103  9:36  Marine x3  
  103  9:38  Command Center, Terran Vehicle Weapons Level 1  
  104  9:40  Marauder x2  
  104  9:41  Missile Turret  
  103  9:49  Viking, Terran Infantry Weapons Level 2  
  103  9:50  Viking  
  103  9:52  Terran Infantry Armor Level 2  
  104  9:57  SCV, Missile Turret  
  105  10:00  Orbital Command  
  105  10:09  SCV  
  105  10:12  Missile Turret  
  102  10:24  Marauder x2, Marine x2  
  108  10:30  Viking x2  
  112  10:36  SCV x2, Missile Turret  
  112  10:37  SCV  
  115  10:46  Missile Turret  
  115  10:48  SCV  
  115  10:49  SCV  
  117  10:54  Ghost, Marine  
  117  10:55  Marauder x2  
  117  10:56  Marine x2  
  126  11:01  Orbital Command  
  126  11:11  Viking  
  128  11:15  Ghost  
  130  11:31  Ghost  
  132  11:36  Refinery  
  132  11:37  Supply Depot  
  132  11:38  Supply Depot  
  132  11:39  Missile Turret  
  132  11:56  Refinery  
  132  11:58  Ghost x2, Marine x2  
  132  11:59  Viking, Marine x2  
  132  12:00  Marine  
  143  12:02  Starport  
  143  12:04  Viking  
  145  12:14  Orbital Command  
  145  12:16  Marine x2  
  143  12:34  Missile Turret  
  143  12:35  Missile Turret  
  80  12:48  Marauder x2, Marine x3  
  80  12:49  Viking x2, Marine  
  80  12:50  Marauder  
  77  12:51  Missile Turret  
  64  13:05  Marine  
  64  13:06  Marine x2  
  64  13:07  Marine  
  64  13:09  Marauder x2  
  64  13:12  Marine  
  70  13:19  SCV  
  68  13:23  Marine x2  
  68  13:24  Marine  
  68  13:25  Marine  
  68  13:26  Command Center  
Tags
 
Add a new tag
Caveats
  • Supply blocks, unpowered buildings, or Contaminate may cause inaccurate times.
  • Supply counts are checked every 10 seconds.